 Dungeon Crawl Stone Soup version 0.30.0-15-g856e2d3f33 (webtiles) character file.

Game seed: 8175046533222216952

256 MacCMillion the Chopper (level 5, 45/45 HPs)
             Began as a Minotaur Fighter on May 19, 2023.
             Quit the game on level 4 of the Dungeon.
             The game lasted 00:02:49 (1890 turns).

MacCMillion the Chopper (Minotaur Fighter)          Turns: 1890, Time: 00:02:50

Health: 45/45      AC:  7    Str: 22    XL:     5   Next: 92%
Magic:  4/4        EV:  9    Int:  5    God:
Gold:   305        SH:  4    Dex: 10    Spells: 4/4 levels left

rFire   . . .        a - +0 war axe
rCold   . . .        c - +0 buckler
rNeg    . . .        b - +0 scale mail
rPois   .            (helmet restricted)
rElec   .            (no cloak)
rCorr   .            (no gloves)
SInv    .            (no boots)
Will    .....        g - amulet of regeneration Stlth
                     (no ring)
HPRegen 1.07/turn    (no ring)
MPRegen 0.09/turn

%: no passive effects
@: no status effects
A: horns 2, retaliatory headbutt
a: no special abilities


You were on level 4 of the Dungeon.
You visited 1 branch of the dungeon, and saw 4 of its levels.

You collected 305 gold pieces.

Inventory:

Hand Weapons
 a - a +0 war axe (weapon)
Missiles
 q - a throwing net (quivered)
Armour
 b - a +0 scale mail (worn)
 c - a +0 buckler (worn)
Jewellery
 g - an amulet of regeneration (around neck)
 j - an amulet of magic regeneration
Scrolls
 e - 6 scrolls of teleportation {unknown}
 i - a scroll of enchant armour {unknown}
 l - a scroll of fog {unknown}
 m - a scroll of acquirement {unknown}
 p - a scroll of vulnerability {unknown}
 r - 3 scrolls of identify {unknown}
Potions
 d - 2 potions of might
 f - a potion of resistance {unknown}
 h - a potion of ambrosia {unknown}
 k - a potion of curing {unknown}
 n - 3 potions of haste {unknown}
 o - a potion of lignification {unknown}


   Skills:
 - Level 3.6 Fighting
 + Level 7.3 Axes
 - Level 3.7 Armour
 - Level 4.0 Shields


You had 4 spell levels left.
You didn't know any spells.
Your spell library was empty.

Dungeon Overview and Level Annotations

Branches:
Dungeon (4/15)
 Temple: D:4-7

Altars:
Zin

Shops:
D:3 (


Innate Abilities, Weirdness & Mutations

You have a pair of horns on your head.
You reflexively headbutt those who attack you in melee.


Message History

You kill the endoplasm!
You barely miss the orc wizard.
The orc wizard hits you but does no damage.
You hit the orc wizard but do no damage.
The orc wizard hits you but does no damage.
You hit the orc wizard.
The orc wizard is lightly wounded.
The orc wizard barely misses you. You furiously retaliate!
You headbutt the orc wizard!
The orc wizard hits you but does no damage.
You hit the orc wizard but do no damage.
You headbutt the orc wizard.
You kill the orc wizard!
You slash the orc!
You kill the orc!
You slash the orc!
You kill the orc!
You barely miss the hobgoblin. The hobgoblin closely misses you. x2
You slash the hobgoblin!
You kill the hobgoblin!
You hit the endoplasm.
The endoplasm is heavily wounded.
The endoplasm closely misses you. You furiously retaliate!
You headbutt the endoplasm!
You kill the endoplasm!
No target in view!
No target in view!
Found a stone staircase leading down.
r - 3 scrolls labelled WOEDIC RARGH (gained 2)
Items here: ))) [[[ †.
Items here: ))) [[[ †.
Found 3 boomerangs of dispersal.
A hobgoblin comes into view.
The hobgoblin shouts!
A hobgoblin is nearby!
Found 12 gold pieces.
The hobgoblin hits you.
You slash the hobgoblin!
You kill the hobgoblin!
No target in view!
Are you sure you want to abandon this character and quit the game? (Confirm with "yes".)

..........................#
########.#........)).......#
.<.................####....#
#.######............. .....#
#....#...##.###.#.....#
.............# ....####
........#..#...# ....#
..........(###.......#
.........@.$...... .#
......#.†.#......
.....#(..#.#.##. .... .....
. .. ... ......# . .
...$.....## .. ...###.# ...#
.#


There were no monsters in sight!

Vanquished Creatures
  A hound (D:4)
  An orc priest (D:3)
  An orc wizard (D:4)
  4 gnolls (D:3)
  4 adders
  3 worms
  A dart slug (D:1)
  8 orcs
  10 endoplasms
  2 giant cockroaches (D:1)
  4 goblins
  7 hobgoblins
  A jackal (D:1)
  10 kobolds
  A quokka (D:4)
  9 ball pythons
  9 bats
  4 frilled lizards
  7 rats
87 creatures vanquished.

Notes
Turn   | Place    | Note
-------+----------+-------------------------------------------
     0 | D:1      | MacCMillion the Minotaur Fighter began the quest for the
                  | Orb.
     0 | D:1      | Reached XP level 1. HP: 19/19 MP: 0/0
   148 | D:1      | Reached XP level 2. HP: 24/26 MP: 1/1
   155 | D:1      | Reached skill level 3 in Axes
   585 | D:1      | Reached XP level 3. HP: 31/31 MP: 2/2
   670 | D:1      | Reached skill level 4 in Axes
   960 | D:2      | Reached XP level 4. HP: 39/39 MP: 3/3
  1012 | D:2      | Reached skill level 5 in Axes
  1358 | D:3      | Reached skill level 6 in Axes
  1395 | D:3      | Found a glowing silver altar of Zin.
  1540 | D:3      | Found Fiyzxis's Weapon Shop.
  1572 | D:3      | Reached XP level 5. HP: 37/45 MP: 4/4
  1843 | D:4      | Reached skill level 7 in Axes
  1890 | D:4      | Quit the game

Illustrated notes

Levels and vault maps discovered:
D:1:      denvon_arrival_waterhouse, layout_basic, minmay_indecisive_spiral
D:2:      layout_rooms, grunt_ministairs_15
D:3:      layout_rooms, overflow_temple_1_default, serial_shops, shop
D:4:      black_bear_nest_2, layout_rooms, lemuel_zombie_altar_yredelemnul,
          uniq_blork_the_orc, uniq_duvessa

Skill      XL: |  1  2  3  4  5 |
---------------+----------------+-----
Shields        | 4 |  4.0
Axes           | 3 4 6 7 |  7.3
Fighting       | |  3.6
Armour         | |  3.7

Action                     |  1- 3 |  4- 6 || total
---------------------------+-------+-------++-------
  Melee: War axe           |    83 |    87 ||   170
         Headbutt          |     6 |     9 ||    15
 Armour: Scale mail        |    50 |    31 ||    81
  Dodge: Dodged            |    38 |    42 ||    80
  Block: Buckler           |     9 |    14 ||    23
